 Dungeon Crawl Stone Soup version 0.21-a0-95-g06f091e (webtiles) character file.

9303 grindst0ne the Fighter (level 11, -3/123 HPs)
             Began as an Ogre Hunter on July 4, 2017.
             Was a High Priest of Okawaru.
             Slain by an ice dragon (11 damage)
             ... in an ice cave.
             The game lasted 00:31:00 (14755 turns).

grindst0ne the Fighter (Ogre Hunter)               Turns: 14755, Time: 00:31:01

Health: -3/123     AC:  4    Str: 20    XL:     11   Next: 44%
Magic:  11/11      EV: 11    Int: 13    God:    Okawaru [*****.]
Gold:   634        SH:  4    Dex:  9    Spells: 10/10 levels left

rFire    . . .     SeeInvis .   z - +10 mace of Evisceration {flame, rElec rN+}
rCold    . . .     Gourm    .   (no shield)
rNeg     + . .     Faith    .   b - +0 robe
rPois    .         Spirit   .   (helmet restricted)
rElec    +         Reflect  .   s - +0 cloak
rCorr    .         Harm     .   (gloves unavailable)
MR       +....                  (boots unavailable)
Stlth    +.........             (no amulet)
HPRegen  0.30/turn              (no ring)
MPRegen  0.12/turn              (no ring)

@: about to teleport
A: unfitting armour, large bone plates 1, deterioration 1, sense surroundings 1,
tough skin 1, sturdy frame 1
a: Heroism, Finesse, Renounce Religion


You were in an ice cave.
You worshipped Okawaru.
Okawaru was extremely pleased with you.
You were not hungry.

You visited 3 branches of the dungeon, and saw 11 of its levels.
You also visited: Ice Cave.

You collected 634 gold pieces.

Inventory:

Hand Weapons
 z - the +10 mace of Evisceration (weapon) {flame, rElec rN+}
   (You found it on level 5 of the Dungeon)

   It has been specially enchanted to burn those struck by it, causing extra
   injury to most foes and up to half again as much damage against particularly
   susceptible opponents.
   It insulates you from electricity.
   It protects you from negative energy.
 C - a +0 giant spiked club
Missiles
 i - 360 stones
 D - 4 large rocks (quivered)
 K - 2 throwing nets
Armour
 b - a +0 robe (worn)
 s - a +0 cloak (worn)
Jewellery
 d - an uncursed amulet of the gourmand {unknown}
 L - an uncursed ring of protection from cold {unknown}
Wands
 a - a wand of disintegration (10/24)
 c - a wand of lightning (4/15)
 n - a wand of iceblast (5/15)
 E - a wand of paralysis (10/24)
 F - a wand of iceblast (10/15)
 H - a wand of confusion (29/48)
 I - a wand of acid (7/15)
 N - a wand of disintegration (6/24)
 P - a wand of clouds (1/9)
Scrolls
 g - 2 scrolls of magic mapping
 h - 5 scrolls of remove curse
 k - a scroll of vulnerability
 m - 2 scrolls of random uselessness
 r - 2 scrolls of amnesia
 u - 5 scrolls of enchant armour {unknown}
 x - 2 scrolls of fog {unknown}
 y - 3 scrolls of teleportation
 A - 2 scrolls of immolation {unknown}
 J - a scroll of fear {unknown}
 M - a scroll of recharging
Potions
 p - 3 potions of flight
 q - a potion of mutation
 w - 2 potions of magic
 G - a potion of cancellation
Comestibles
 f - 10 bread rations
 l - 5 meat rations
 t - 4 royal jellies
 B - 8 fruits


   Skills:
 - Level 12.0 Fighting
 * Level 11.3 Maces & Flails
 - Level 7.2 Throwing
 + Level 3.2 Armour
 + Level 4.1 Dodging
 - Level 0.6 Stealth


You had 10 spell levels left.
You didn't know any spells.

Dungeon Overview and Level Annotations

Branches:
Dungeon (9/15)             Temple (1/1) D:4            Lair (1/6) D:9
    Orc: D:9-12

Altars:
Ashenzari
Cheibriados
Dithmenos
Elyvilon
Fedhas
Gozag
Hepliaklqana
Kikubaaqudgha
Makhleb
Nemelex Xobeh
Okawaru
Qazlal
Ru
Sif Muna
Trog
Uskayaw
Vehumet
Wu Jian
Xom
Yredelemnul
Zin
The Shining One

Annotations:
IceCv exclusion: 2 ice statues


Innate Abilities, Weirdness & Mutations

You are too large for most types of armour.
You have tough skin. (AC +1)
You are partially covered in large bone plates. (SH +4)
Your body sometimes deteriorates upon taking damage.
You passively map a small area around you.
Your movements are slightly less encumbered by armour. (ER -2)


Message History

As you read the scroll of teleportation, it crumbles to dust.
You feel strangely unstable. The ice dragon bites you.
You block the ice dragon's attack. The ice dragon tramples you!
You hold your ground!
The ice dragon breathes frost at you. The blast of cold hits you!
* * * LOW HITPOINT WARNING * * *
The ice dragon bites you.
* * * LOW HITPOINT WARNING * * *
The ice dragon misses you. The ice dragon tramples you!
* * * LOW HITPOINT WARNING * * *
You stumble backwards!
The ice dragon bites you!
* * * LOW HITPOINT WARNING * * *
The ice dragon barely misses you. You block the ice dragon's attack.
The ice dragon bites you but does no damage.
The ice dragon claws you!
* * * LOW HITPOINT WARNING * * *
The ice dragon tramples you!
You die...

.....$#
#.##
##....$ ≈
≈*##.##
#.... ≈
#.#.#
#..# *
#..##
#.## ,
*≈≈≈ #.##
#..## ,*
≈ #..#
#.D.# ≈
##.##
#.D#####≈
≈ #..#
##@#...##
≈ ##.##
#...#..#≈
*#.#.#
#..##.##
##.##
##.#..#*
≈ ##..#
###.###
*#..##
#...##
##..#
###..##
##.##
##..##
#..#
##..#
##.#


You could see 2 ice dragons.

Vanquished Creatures
  A two-headed ogre (D:8)
  A cyclops (D:8)
  A komodo dragon (D:9)
  4 rime drakes
  A troll (D:9)
  Grinder (D:3)
  Prince Ribbit (D:7)
  2 hippogriffs
  A basilisk (Lair:1)
  A porcupine (Lair:1)
  2 water moccasins
  Duvessa (D:6)
  2 orc warriors
  15 ice beasts
  3 sky beasts
  A black bear (Lair:1)
  4 ogres
  A necrophage (D:8)
  A centaur (D:7)
  4 big kobolds
  A crocodile (D:9)
  10 bullfrogs
  Dowan (D:6)
  3 scorpions (D:5)
  A water moccasin skeleton (D:7)
  4 wights (D:9)
  4 howler monkeys
  2 crimson imps
  6 hounds
  A bullfrog zombie (D:7)
  4 jellies
  Crazy Yiuf (D:5)
  A gnoll shaman (D:9)
  4 orc priests
  8 orc wizards
  A bullfrog skeleton (D:5)
  3 iguanas
  7 worker ants
  A hound zombie (D:6)
  A hound skeleton (D:8)
  A howler monkey zombie (D:6)
  15 gnolls
  14 adders
  An adder skeleton (D:3)
  A worm (D:3)
  A dart slug (D:1)
  10 leopard geckos
  38 orcs
  3 giant cockroaches
  16 goblins
  12 hobgoblins
  5 jackals
  30 kobolds
  3 quokkas
  4 ball pythons
  A bat (D:2)
  5 frilled lizards
  2 quokka skeletons
  9 rats
  A plant (D:9)
284 creatures vanquished.

Vanquished Creatures (others)
  A kobold (D:8)
  2 plants (D:9)
3 creatures vanquished.

Grand Total: 287 creatures vanquished

Notes
Turn   | Place    | Note
-------+----------+-------------------------------------------
     0 | D:1      | grindst0ne the Ogre Hunter began the quest for the Orb.
     0 | D:1      | Reached XP level 1. HP: 22/22 MP: 1/1
   112 | D:1      | Reached skill level 3 in Fighting
   412 | D:1      | Reached XP level 2. HP: 26/31 MP: 2/2
   905 | D:1      | Reached skill level 4 in Fighting
  1429 | D:2      | Reached XP level 3. HP: 39/40 MP: 3/3
  1439 | D:2      | Reached skill level 5 in Fighting
  1956 | D:2      | Reached XP level 4. HP: 50/50 MP: 4/4
  2040 | D:2      | Found a basalt altar of Yredelemnul.
  2361 | D:2      | Reached skill level 6 in Fighting
  2421 | D:3      | Noticed Grinder
  2424 | D:3      | Paralysed by Grinder for 4 turns
  2448 | D:3      | Paralysed by Grinder for 4 turns
  2454 | D:3      | Killed Grinder
  2454 | D:3      | Reached skill level 8 in Fighting
  2454 | D:3      | Reached XP level 5. HP: 66/66 MP: 5/5
  2454 | D:3      | Reached XP level 6. HP: 74/74 MP: 6/6
  3684 | D:3      | Found a sacrificial altar of Ru.
  3684 | D:3      | Found a shattered altar of Ashenzari.
  4011 | D:4      | Found a staircase to the Ecumenical Temple.
  4025 | Temple   | Entered the Ecumenical Temple
  4145 | Temple   | Became a worshipper of Warmaster Okawaru
  4342 | D:4      | Reached skill level 9 in Fighting
  4815 | D:4      | Reached XP level 7. HP: 79/83 MP: 7/7
  5350 | D:5      | Entered Level 5 of the Dungeon
  5456 | D:5      | Reached skill level 10 in Fighting
  5588 | D:5      | Gained mutation: You are weak. (Str -2) [mutagenic meat]
  5589 | D:5      | Lost mutation: You are weak. (Str -2) [mutagenic meat]
  5590 | D:5      | Gained mutation: Armour fits poorly on your strangely shaped body. [mutagenic meat]
  5591 | D:5      | Gained mutation: You are clumsy. (Dex -2) [mutagenic meat]
  6242 | D:5      | Found a runed door.
  6244 | D:5      | Got an ancient mace
  6245 | D:5      | Identified the +10 mace of Evisceration {flame, rElec rN+} (You found it on level 5 of the Dungeon)
  6287 | D:5      | Reached skill level 1 in Maces & Flails
  6637 | D:5      | Reached * piety under Okawaru
  6791 | D:5      | Reached XP level 8. HP: 93/96 MP: 8/8
  7258 | D:5      | Noticed Crazy Yiuf
  7270 | D:5      | Killed Crazy Yiuf
  7532 | D:6      | Noticed Dowan
  7536 | D:5      | Reached skill level 11 in Fighting
  7544 | D:6      | Noticed Duvessa
  7557 | D:6      | Killed Duvessa
  7836 | D:6      | Killed Dowan
  8328 | D:6      | Reached skill level 5 in Maces & Flails
  8729 | D:6      | Reached ** piety under Okawaru
  8780 | D:6      | Found a blossoming altar of Fedhas.
  9078 | D:6      | Reached XP level 9. HP: 75/106 MP: 9/9
  9357 | D:6      | Reached skill level 12 in Fighting
  9490 | D:6      | Gained mutation: You evolve. [mutagenic meat]
  9491 | D:6      | Lost mutation: Armour fits poorly on your strangely shaped body. [mutagenic meat]
  9492 | D:6      | Gained mutation: You have a beak for a mouth. [mutagenic meat]
  9493 | D:6      | Gained mutation: You are resistant to hostile enchantments. (MR+) [mutagenic meat]
 10324 | D:7      | Reached *** piety under Okawaru
 10362 | D:7      | Reached skill level 5 in Throwing
 10452 | D:7      | Noticed Prince Ribbit
 10457 | D:7      | Killed Prince Ribbit
 10682 | D:8      | Found a deep blue altar of Sif Muna.
 10752 | D:8      | Reached XP level 10. HP: 115/115 MP: 10/10
 10795 | D:8      | Lost mutation: You are clumsy. (Dex -2) [evolution]
 10845 | D:8      | Found an ornate altar of the Wu Jian Council.
 11170 | D:8      | Reached **** piety under Okawaru
 11432 | D:8      | Noticed a cyclops
 11449 | D:8      | Killed a cyclops
 12028 | D:9      | Noticed a two-headed ogre
 12093 | D:8      | Killed a two-headed ogre
 12093 | D:8      | Received a gift from Okawaru
 12125 | D:8      | Reached skill level 10 in Maces & Flails
 12450 | D:9      | Reached ***** piety under Okawaru
 12450 | D:9      | Reached skill level 1 in Armour
 12645 | D:9      | Received a gift from Okawaru
 12759 | D:9      | Found a snail-covered altar of Cheibriados.
 12993 | D:9      | Found a staircase to the Lair.
 13027 | D:9      | Reached XP level 11. HP: 32/123 MP: 11/11
 13180 | D:9      | Gained mutation: Your mind is acute. (Int +2) [evolution]
 13352 | Lair:1   | Entered Level 1 of the Lair of Beasts
 13527 | Lair:1   | Found a frozen archway.
 13533 | IceCv    | Entered an ice cave
 13535 | IceCv    | Lost mutation: You are resistant to hostile enchantments. (MR+) [potion of mutation]
 13535 | IceCv    | Lost mutation: You evolve. [potion of mutation]
 13535 | IceCv    | Lost mutation: Your mind is acute. (Int +2) [potion of mutation]
 13535 | IceCv    | Lost mutation: You have a beak for a mouth. [potion of mutation]
 13535 | IceCv    | Gained mutation: You passively map a small area around you. [potion of mutation]
 13535 | IceCv    | Gained mutation: Your body sometimes deteriorates upon taking damage. [potion of mutation]
 13535 | IceCv    | Gained mutation: You are partially covered in large bone plates. (SH +4) [potion of mutation]
 13535 | IceCv    | Gained mutation: Your movements are slightly less encumbered by armour. (ER -2) [potion of mutation]
 14744 | IceCv    | Noticed an ice dragon
 14745 | IceCv    | Noticed an ice dragon
 14755 | IceCv    | Slain by an ice dragon

Vault maps used:
D:1:      dpeg_arrival_castle, minmay_pentomino_s2
D:2:      cheibrodos_greedy_goblins, lemuel_round_altar
D:3:      amethyst_overflow_temple_binary, first_bread, minivault_11,
          uniq_grinder
D:4:      cheibrodos_old_hovel, minmay_temple_entry_large_hall
D:5:      kennysheep_generic_room_8, uniq_crazy_yiuf_cottage
D:6:      gup_sewer_entry_pipe, basic_altar, uniq_duvessa
D:7:      uniq_prince_ribbit1
D:8:      lemuel_crystal_altar, lemuel_blue_sif_altar, grunt_ogre_cave
D:9:      kennysheep_mini, david_lair_shrubbed
Temple:   nicolae_temple_elliptical
Lair:1:   portal_ice_cave_rime, grunt_megastairs_2
IceCv:    ice_cave_small_dragons

Skill      XL: |  1  2  3  4  5  6  7  8  9 10 11 |
---------------+----------------------------------+-----
Fighting       | 3 4 5 8 9 10 11 12 | 12.0
Maces & Flails | 2 5 8 10 11 | 11.3
Throwing       | 5 7 |  7.2
Dodging        | 3 4 |  4.1
Armour         | 1 3 |  3.2
Stealth        | |  0.6

Action                   |  1- 3 |  4- 6 |  7- 9 | 10-12 || total
-------------------------+-------+-------+-------+-------++-------
Melee: Short sword       |   125 |   173 |    66 |       ||   364
       Mace              |       |       |   167 |   175 ||   342
       Peck              |       |       |     7 |    25 ||    32
Throw: Large rock        |    14 |    20 |    76 |    81 ||   191
       Throwing net      |       |       |     2 |     1 ||     3
       Stone             |       |       |     1 |     2 ||     3
Evoke: Wand              |       |       |       |     1 ||     1
  Use: Scroll            |       |     5 |     2 |     9 ||    16
       Potion            |       |     1 |    10 |    12 ||    23
  Eat: Chunk             |     3 |    10 |    22 |     9 ||    44
       Bread ration      |       |       |     1 |     1 ||     2
Armor: Robe              |    28 |    57 |    68 |    43 ||   196
       Skin              |       |       |       |     9 ||     9
Dodge: Dodged            |    61 |    86 |   158 |   123 ||   428
Block: Other             |       |       |       |     8 ||     8
